 Dungeon Crawl Stone Soup version 0.24-a0-373-g39439d866b (webtiles) character file.

Game seed: 1883540447270912728

643158 vurker the Slayer (level 27, -8/233 HPs)
             Began as a Deep Dwarf Fighter on May 30, 2019.
             Was the Champion of Makhleb.
             Mangled by an Orb Guardian (38 damage)
             ... on level 5 of the Realm of Zot.
             The game lasted 03:07:08 (48342 turns).

vurker the Slayer (Deep Dwarf Fighter)             Turns: 48342, Time: 03:07:09

Health: -8/233     AC: 44    Str: 33    XL:     27
Magic:  14/15      EV:  8    Int: 13    God:    Makhleb [******]
Gold:   6401       SH: 35    Dex:  9    Spells: 26/26 levels left

rFire    + + +     SeeInvis +   a - +9 broad axe (elec)
rCold    + . .     Gourm    .   B - +6 large shield "Bijeisi" {rElec rPois Str+4}
rNeg     + + .     Faith    .   V - +8 orange crystal plate armour {Archmagi, Int+3 Clar}
rPois    +         Spirit   .   k - +0 helmet of the Ban {rF+}
rElec    +         Reflect  +   X - +0 cloak of Midnight {rN+ Int-2 Dex+4}
rCorr    .         Harm     .   M - +2 pair of gloves {Str+3}
MR       +++++     Clarity  +   o - +2 pair of boots {run}
Stlth    ..........             w - +2 amulet of reflection
HPRegen  0.00/turn              l - ring "Xemiupue" {rElec rPois rF+++ Int-2 SInv}
MPRegen  0.14/turn              Z - ring "Jassas" {+Fly rF+ rC+ MR+ Dex-3 Stlth+}

@: marked, non-regenerating, slowed, very slow
A: damage resistance, heal wounds, iridescent scales 1, berserk 1, clever 1,
clumsy 2, deformed body, frail 2, high mp 1, negative energy resistance 1, sense
surroundings 3, screaming 1, weak 2, subdued magic 2, MP-powered wands, no
regeneration
}: 3/15 runes: decaying, silver, gossamer
a: Heal Wounds, Minor Destruction, Lesser Servant of Makhleb, Major Destruction,
Greater Servant of Makhleb, Renounce Religion, Evoke Flight


You were on level 5 of the Realm of Zot.
You worshipped Makhleb.
Makhleb was exalted by your worship.
You were full.

You visited 10 branches of the dungeon, and saw 50 of its levels.
You also visited: Sewer, Bailey and Gauntlet.

You collected 6854 gold pieces.
You spent 453 gold pieces at shops.

Inventory:

Hand Weapons
 a - a +9 broad axe of electrocution (weapon)
   (You acquired it on level 4 of the Lair of Beasts)
 b - a +7 broad axe of flaming
   (You took it off a vault warden on level 4 of the Vaults)
Missiles
 n - 7 throwing nets (quivered) {!f}
Armour
 k - the +0 helmet of the Ban (worn) {rF+}
   (You bought it in a shop on level 8 of the Dungeon)

   It protects you from fire.
 o - a +2 pair of boots of running (worn)
   (You bought it in a shop on level 2 of the Orcish Mines)
 B - the +6 large shield "Bijeisi" (worn) {rElec rPois Str+4}
   (You took it off Louise on level 3 of the Swamp)

   It affects your strength (+4).
   It insulates you from electricity.
   It protects you from poison.
 M - a +2 pair of gloves of strength (worn)
   (You found it on level 5 of the Vaults)
 V - the +8 orange crystal plate armour (worn) {Archmagi, Int+3 Clar}
   (You found it on level 14 of the Dungeon)

   It affects your intelligence (+3).
   It protects you against confusion.
 X - the +0 cloak of Midnight (worn) {rN+ Int-2 Dex+4}
   (You found it on level 2 of the Elven Halls)

   It affects your intelligence (-2).
   It affects your dexterity (+4).
   It protects you from negative energy.
Jewellery
 h - a +4 ring of protection
   (You found it on level 7 of the Dungeon)
 l - the ring "Xemiupue" (left hand) {rElec rPois rF+++ Int-2 SInv}
   (You found it on level 5 of the Vaults)

   [ring of see invisible]

   It affects your intelligence (-2).
   It renders you almost immune to fire.
   It insulates you from electricity.
   It protects you from poison.
   It lets you see invisible.
 w - a +2 amulet of reflection (around neck)
   (You took it off a deep elf mage on level 3 of the Elven Halls)
 y - the ring of Opausaod {MR++ Str+4 Stlth-}
   (You found it on level 2 of the Realm of Zot)

   [ring of attention]

   It affects your strength (+4).
   It affects your resistance to hostile enchantments.
   It makes you less stealthy.
 Z - the ring "Jassas" (right hand) {+Fly rF+ rC+ MR+ Dex-3 Stlth+}
   (You found it on level 4 of the Depths)

   [ring of protection from cold]

   It affects your dexterity (-3).
   It protects you from fire.
   It protects you from cold.
   It affects your resistance to hostile enchantments.
   It lets you fly.
   It makes you more stealthy.
Wands
 c - a wand of disintegration (16)
   (You found it on level 15 of the Dungeon)
 d - a wand of iceblast (34)
   (You found it in a Gauntlet)
 t - a wand of flame (32)
   (You found it on level 2 of the Swamp)
 u - a wand of paralysis (6)
   (You found it on level 2 of the Realm of Zot)
 v - a wand of digging (20)
   (You found it on level 6 of the Lair of Beasts)
 x - a wand of acid (26)
   (You found it on level 14 of the Dungeon)
 A - a wand of polymorph (27)
   (You took it off Maurice on level 8 of the Dungeon)
 Q - a wand of enslavement (6)
   (You found it on level 4 of the Spider Nest)
 S - a wand of clouds (5)
   (You found it on level 1 of the Spider Nest)
 W - a wand of scattershot (3)
   (You found it on level 1 of the Spider Nest)
Scrolls
 g - 15 scrolls of teleportation {@r4}
 j - a scroll of vulnerability {!r}
 p - 12 scrolls of fog
 C - 4 scrolls of blinking
 E - a scroll of silence
 F - 14 scrolls of remove curse {@r2}
 G - 8 scrolls of fear
 I - 7 scrolls of identify {@r1}
 J - a scroll of enchant weapon
 N - 5 scrolls of immolation {!r}
 O - 5 scrolls of magic mapping
Potions
 f - 5 potions of agility
 m - 6 potions of ambrosia
 q - 6 potions of lignification {!q}
 r - 6 potions of heal wounds {@q2}
 s - 6 potions of haste {@q3}
 z - 12 potions of flight
 D - 15 potions of curing {@q1}
 H - 2 potions of berserk rage
 K - 4 potions of resistance
 L - 2 potions of cancellation
 P - 4 potions of invisibility
 R - 4 potions of mutation {!q}
Comestibles
 e - 79 rations {!d}


   Skills:
 * Level 25.7 Fighting
 - Level 18.0 Axes
 + Level 23.7 Armour
 - Level 25.0 Shields
 - Level 17.0 Invocations
 - Level 16.5 Evocations


You had 26 spell levels left.
You didn't know any spells.
Your spell library contained the following spells:

 Spells                   Type           Power        Failure   Level  Hunger
 Animate Skeleton         Necr           N/A          83%         1    ##.....
 Beastly Appendage        Tmut           #.....       83%         1    ##.....
 Corona                   Hex            #......      83%         1    ##.....
 Flame Tongue             Conj/Fire      #....        83%         1    ##.....
 Infusion                 Chrm           #...         83%         1    ##.....
 Magic Dart               Conj           #...         83%         1    ##.....
 Sandblast                Erth           #.....       83%         1    ##.....
 Shock                    Conj/Air       #...         83%         1    ##.....
 Blink                    Tloc           N/A          92%         2    ###....
 Call Imp                 Summ           #.......     92%         2    ###....
 Corpse Rot               Necr           N/A          92%         2    ###....
 Ensorcelled Hibernation  Hex/Ice        #.....       92%         2    ###....
 Passwall                 Tmut/Erth      #.......     92%         2    ###....
 Shroud of Golubria       Chrm/Tloc      #.........   92%         2    ###....
 Slow                     Hex            #.......     92%         2    ###....
 Sticks to Snakes         Tmut           #.......     92%         2    ###....
 Swiftness                Chrm/Air       #.......     92%         2    ###....
 Throw Flame              Conj/Fire      #.....       92%         2    ###....
 Confuse                  Hex            #.......     99%         3    ####...
 Conjure Flame            Conj/Fire      #.......     99%         3    ####...
 Dazzling Spray           Conj/Hex       #.....       99%         3    ####...
 Gell's Gravitas          Tloc           #.........   99%         3    ####...
 Ignite Poison            Fire/Tmut/Pois #.......     99%         3    ####...
 Inner Flame              Hex/Fire       #.......     99%         3    ####...
 Lesser Beckoning         Tloc           #.........   99%         3    ####...
 Mephitic Cloud           Conj/Pois/Air  #.......     99%         3    ####...
 Recall                   Summ/Tloc      N/A          99%         3    ####...
 Spider Form              Tmut/Pois      #.........   99%         3    ####...
 Static Discharge         Conj/Air       #.......     99%         3    ####...
 Stone Arrow              Conj/Erth      #.....       99%         3    ####...
 Teleport Other           Tloc           #.......     99%         3    ####...
 Tukima's Dance           Hex            #.......     99%         3    ####...
 Airstrike                Air            #.........   100%        4    #####..
 Animate Dead             Necr           N/A          100%        4    #####..
 Cause Fear               Hex            #.........   100%        4    #####..
 Force Lance              Conj/Tloc      #.......     100%        4    #####..
 Ice Form                 Ice/Tmut       #.......     100%        4    #####..
 Leda's Liquefaction      Hex/Erth       #.........   100%        4    #####..
 Passage of Golubria      Tloc           N/A          100%        4    #####..
 Petrify                  Tmut/Erth      #.......     100%        4    #####..
 Sticky Flame             Conj/Fire      #.......     100%        4    #####..
 Summon Ice Beast         Ice/Summ       #.......     100%        4    #####..
 Agony                    Necr           #.......     100%        5    ######.
 Alistair's Intoxication  Tmut/Pois      #.......     100%        5    ######.
 Blade Hands              Tmut           #.........   100%        5    ######.
 Bolt of Magma            Conj/Fire/Erth #.........   100%        5    ######.
 Borgnjor's Vile Clutch   Necr/Erth      #.........   100%        5    ######.
 Excruciating Wounds      Chrm/Necr      #.........   100%        5    ######.
 Fireball                 Conj/Fire      #.........   100%        5    ######.
 Irradiate                Conj/Tmut      #.........   100%        5    ######.
 Iskenderun's Battlesphe  Conj/Chrm      #.......     100%        5    ######.
 Lee's Rapid Deconstruct  Erth           #.........   100%        5    ######.
 Lightning Bolt           Conj/Air       #.........   100%        5    ######.
 Summon Forest            Summ/Tloc      #.........   100%        5    ######.
 Venom Bolt               Conj/Pois      #.........   100%        5    ######.
 Bolt of Fire             Conj/Fire      #.........   100%        6    #######
 Darkness                 Hex            #.........   100%        6    #######
 Death Channel            Necr           #.........   100%        6    #######
 Hydra Form               Tmut           #.........   100%        6    #######
 Invisibility             Hex            #.......     100%        6    #######
 Iron Shot                Conj/Erth      #.........   100%        6    #######
 Simulacrum               Ice/Necr       #.........   100%        6    #######
 Statue Form              Tmut/Erth      #........    100%        6    #######
 Dragon Form              Tmut           #.........   100%        7    #######
 Haunt                    Necr/Summ      #.........   100%        7    #######
 Ring of Flames           Chrm/Fire      #.........   100%        7    #######
 Summon Hydra             Summ           #.........   100%        7    #######
 Borgnjor's Revivificati  Necr           #.........   100%        8    #######
 Death's Door             Chrm/Necr      #.........   100%        8    #######
 Ignition                 Fire           #.........   100%        8    #######
 Infestation              Necr           #.........   100%        8    #######
 Necromutation            Tmut/Necr      #.........   100%        8    #######
 Dragon's Call            Summ           #.........   100%        9    #######
 Shatter                  Erth           #.........   100%        9    #######


Dungeon Overview and Level Annotations

Branches:
Dungeon (15/15)            Temple (1/1) D:6            Lair (6/6) D:8
  Swamp (4/4) Lair:4       Spider (4/4) Lair:2        Slime (0/5) Lair:6
    Orc (2/2) D:10            Elf (3/3) Orc:2        Vaults (5/5) D:14
  Crypt (0/3) Vaults:2     Depths (5/5) D:15            Zot (5/5) Depths:5

Altars:
Ashenzari
Cheibriados
Dithmenos
Elyvilon
Fedhas
Gozag
Hepliaklqana
Kikubaaqudgha
Makhleb
Nemelex Xobeh
Okawaru
Qazlal
Ru
Sif Muna
Trog
Uskayaw
Vehumet
Wu Jian
Xom
Yredelemnul
Zin
The Shining One
Jiyva

Shops:
D:8 [   D:11 !   Orc:2 :=*[   Elf:2 ?   Elf:3 :[   Vaults:2 %   Depths:2 %
Depths:5 }

Portals:
Hell: Depths:1 Depths:2 Depths:3 Depths:4 Depths:5
Abyss: Depths:4
Pandemonium: Depths:1 Depths:2 Depths:3 Depths:4
Ziggurat: Depths:3

Annotations:
D:10 1 runed translucent door, Ijustatesigmund's ghost, journeyman OpAr
Lair:3 exclusion: 2 oklob plants
Vaults:2 3 runed translucent doors, Eneuly's ghost, legendary MfIE; Faedia's ghost, adept GnWn; Syvvoagh's ghost, adept DENe; Waros's ghost, veteran GrEE
Zot:2 exclusion: lightning spire
Zot:3 2 transporters, exclusion: obsidian statue


Innate Abilities, Weirdness & Mutations

You are resistant to damage.
You can heal yourself by infusing magical energy.
You resist negative energy. (rN+)
You passively map a large area around you.
You do not regenerate.
You are partially covered in iridescent scales. (AC +2)
You tend to lose your temper in combat.
Your mind is acute. (Int +2)
You are very clumsy. (Dex -4)
Armour fits poorly on your strangely shaped body.
You are very frail. (-20% HP)
You have an increased reservoir of magic. (+10% MP)
You occasionally shout uncontrollably at your foes.
You are very weak. (Str -4)
Your spells are easier to cast, but less powerful.
You expend magic power (3 MP) to strengthen your wands.


Message History

You block the death cob's attack. The Orb Guardian hits you!!
* * * LOW HITPOINT WARNING * * *
You block the death cob's attack. The Orb Guardian hits you!!
* * * LOW HITPOINT WARNING * * *
You feel much better. The death cob hits you.
* * * LOW HITPOINT WARNING * * *
The Orb Guardian closely misses you. You block the storm dragon's attack.
The storm dragon claws you but does no damage.
The storm dragon tramples you.
* * * LOW HITPOINT WARNING * * *
You stumble backwards!
A Killer Klown comes into view. It is wielding a +8 vampiric club.
The death cob closely misses you. You block the storm dragon's attack.
The storm dragon completely misses you.
The storm dragon tramples you but does no damage.
You block the Orb Guardian's attack.
You feel much better. The death cob hits you!
* * * LOW HITPOINT WARNING * * *
The death cob drains your vigour!
You feel yourself slow down.
You block the Orb Guardian's attack. x2; You block the storm dragon's attack. x2
The storm dragon tramples you but does no damage.
The death cob hits you!
* * * LOW HITPOINT WARNING * * *
The death cob drains your vigour!
You feel as though you will be slow longer.
You block the Orb Guardian's attack.
The Orb Guardian hits you but does no damage.
The death cob hits you but does no damage.
The storm dragon bites you!!
* * * LOW HITPOINT WARNING * * *
The storm dragon claws you but does no damage.
The storm dragon barely misses you.
The Killer Klown says, "Come and play with me!"
You feel much better.
The death cob hits you but does no damage.
You block the Orb Guardian's attack. x2
The death cob hits you but does no damage.
You block the storm dragon's attack.
The storm dragon claws you but does no damage.
You block the storm dragon's attack. The Orb Guardian hits you.
* * * LOW HITPOINT WARNING * * *
The Orb Guardian hits you!!
* * * LOW HITPOINT WARNING * * *
The death cob hits you but does no damage.
The storm dragon bites you but does no damage.
The storm dragon claws you!
* * * LOW HITPOINT WARNING * * *
You block the storm dragon's attack. The Orb Guardian hits you!!!
You die...

▓▓▓▓▓▓▓▓▓▓▓▓▓▓*
▓▓▓▓.............****
▓▓▓................,,,**
▓▓..?...............,,,,** ▓▓▓▓▓▓
▓...................,,,,,*
.....▓▓▓.........X..%......,,,,,*
......▓▓........@DX[..^....,,,,**
.......▓........Xz./)......,,,**
.0..............y..........,,**
.......▓...........y.......,,,**
......▓▓...................,,,,**
.....▓▓▓.............Lp....,,,,,*
▓▓▓▓▓▓ #^...........^......,,,,,*
##^.................,,,,**
##▓..........=.....,,,**


You could see a Killer Klown, an ancient lich, a storm dragon (berserk), a death
cob, 3 Orb Guardians and 2 moths of wrath.

Vanquished Creatures
  8 orbs of fire (Zot:5)
  An ancient lich (Vaults:5)
  Mennas (Vaults:4)
  Mara (Spider:3)
  3 juggernauts
  Frederick (Vaults:1)
  Saint Roka (Vaults:2)
  2 Killer Klowns (Zot:5)
  Bai Suzhen (Depths:2)
  the Lernaean hydra (Swamp:4)
  14 golden dragons
  Jory (Vaults:2)
  the Enchantress (Depths:5)
  4 electric golems
  9 liches
  Jorgrun (D:13)
  16 tentacled monstrosities
  22 Orb Guardians (Zot:5)
  6 quicksilver dragons
  3 deep elf blademasters
  A deep elf master archer (Elf:3)
  Asterion (Vaults:1)
  5 titans (Vaults:5)
  Frances (D:13)
  3 sphinxes
  13 death cobs
  3 thorn hunters
  6 tengu reavers
  An ancient champion (Vaults:1)
  9 shadow dragons
  Kirke (Swamp:4)
  14 storm dragons
  4 draconian monks
  Roxanne (Swamp:4)
  Donald (Swamp:4)
  11 frost giants
  6 deep elf sorcerers (Elf:3)
  12 ghost moths
  5 fire giants
  22 vault wardens
  A draconian knight (Zot:3)
  An iron dragon (Depths:4)
  10 draconian scorchers
  Louise (Swamp:3)
  Aizul (Depths:2)
  6 deep elf elementalists
  6 draconian stormcallers
  3 emperor scorpions (Spider:4)
  4 draconian shifters
  2 large abominations (Vaults:5)
  3 spriggan defenders (Depths:5)
  4 draconian annihilators
  21 very ugly things
  22 stone giants
  11 green draconians
  2 vampire knights
  11 ironheart preservers
  12 entropy weavers
  Nessos (Lair:6)
  10 black draconians
  8 deep elf demonologists
  14 deep elf annihilators
  A lorocyproca (Depths:3)
  8 white draconians
  10 red draconians
  16 yellow draconians
  A minotaur (Gauntlet)
  6 spark wasps
  Azrael (D:15)
  10 purple draconians
  Snorg (D:11)
  19 ettins
  A merfolk javelineer (Depths:1)
  10 deep elf death magi
  A small abomination (Vaults:5)
  6 fire dragons
  2 crystal guardians
  18 yaktaur captains
  5 deep elf high priests
  38 vault guards
  Fannar (D:11)
  A monstrous demonspawn (Depths:3)
  5 great orbs of eyes
  4 rakshasas
  Harold (D:11)
  4 spriggan air magi
  22 hydras
  7 ice dragons
  Erica (D:9)
  A peacekeeper (Vaults:2)
  11 centaur warriors
  A ghost crab (Swamp:3)
  26 two-headed ogres
  9 ogre magi
  5 deep troll shamans
  3 shambling mangroves
  2 death knights (Vaults:1)
  10 alligators
  A vampire mage (Depths:2)
  5 deep troll earth magi
  A queen ant (Spider:4)
  2 tengu warriors
  8 death yaks
  37 dancing weapons
  2 spriggan berserkers
  Sonja (D:12)
  An iron troll (Depths:4)
  A fire crab (Lair:6)
  26 deep elf knights
  2 fire crabs (shapeshifter)
  Nergalle (Orc:1)
  3 shadow wraiths
  9 hell knights
  2 skeletal warriors (Vaults:1)
  A swamp dragon (shapeshifter) (Vaults:3)
  5 wizards
  4 unseen horrors
  A sea snake (shapeshifter) (Vaults:5)
  26 deep trolls
  4 flayed ghosts
  6 glowing orange brains
  15 ironbrand convokers
  18 deep elf archers
  5 phantasmal warriors
  3 wolf spider zombies
  A harpy (shapeshifter) (Depths:1)
  11 swamp dragons
  A sphinx zombie (Vaults:2)
  10 harpies
  24 wolf spiders
  9 necromancers
  A stone giant zombie (Vaults:2)
  20 orc knights
  A salamander (shapeshifter) (Depths:3)
  16 orb spiders
  A wolf spider (shapeshifter) (Depths:3)
  7 cyclopes
  4 orc sorcerers
  49 ugly things
  A human zombie (Vaults:2)
  67 deep elf magi
  Maurice (D:8)
  A human skeleton (Vaults:2)
  12 elephants
  30 moths of wrath
  An elephant (shapeshifter) (D:12)
  Psyche (D:8)
  30 spiny frogs
  A torpor snail (shapeshifter) (D:15)
  16 vault sentinels
  7 black mambas
  A spiny frog (shapeshifter) (Vaults:3)
  2 torpor snails (Spider:1)
  7 freezing wraiths
  3 efreet (Depths:3)
  5 spectral swamp worms (Depths:1)
  2 ice devils
  49 yaktaurs
  A kobold demonologist (Bailey)
  A rime drake (Lair:3)
  A yaktaur (shapeshifter) (Vaults:3)
  11 demonic crawlers
  A hellwing (Zot:5)
  5 komodo dragons
  2 komodo dragons (shapeshifter)
  2 red devils (Depths:3)
  A tengu conjurer (Depths:3)
  7 trolls
  A troll (shapeshifter) (D:15)
  A merfolk (D:10)
  14 tyrant leeches
  29 jumping spiders
  A polar bear (Lair:4)
  A queen bee (Lair:5)
  3 meliai (Lair:5)
  23 hornets
  Prince Ribbit (D:9)
  24 blink frogs
  A hornet (shapeshifter) (Depths:4)
  5 bog bodies
  60 slime creatures
  2 saltlings (Vaults:2)
  10 hippogriffs
  9 water elementals
  32 tarantellas
  A spriggan (shapeshifter) (D:15)
  26 yaks
  5 shadows (Gauntlet)
  57 redbacks
  Eustachio (D:6)
  2 air elementals
  9 spriggans
  A tarantella (shapeshifter) (D:15)
  2 wyverns (D:14)
  A human (D:10)
  5 wraiths
  A golden eye (shapeshifter) (Vaults:3)
  A neqoxec (Gauntlet)
  5 fire elementals
  2 hogs (Swamp:4)
  3 chaos spawn (Gauntlet)
  A human (shapeshifter) (Vaults:3)
  7 basilisks
  39 vampire mosquitoes
  Grum (D:9)
  4 hungry ghosts
  5 wargs
  4 acid dragons
  17 swamp worms
  19 insubstantial wisps
  8 soldier ants
  6 porcupines
  6 water moccasins
  6 hell hounds (D:15)
  5 sky beasts
  3 ettin simulacra (Depths:3)
  4 ice beasts
  66 orc warriors
  2 phantoms (D:7)
  2 black bears
  12 swamp drakes
  21 ogres
  6 boggarts
  15 wolves
  34 centaurs
  8 crocodiles
  A big kobold (D:14)
  6 earth elementals
  35 bullfrogs
  A human simulacrum (Vaults:2)
  5 scorpions
  An elf simulacrum (Vaults:1)
  23 killer bees
  7 wights
  6 electric eels
  2 howler monkeys (D:14)
  4 crimson imps
  A quasit (D:12)
  4 centaur zombies
  2 hounds
  15 orc priests
  An iron imp (Depths:3)
  6 jellies
  2 bullfrog skeletons
  10 centaur skeletons
  3 iguanas
  18 worker ants
  15 orc wizards
  2 hound skeletons
  A howler monkey zombie (D:11)
  A worker ant zombie (D:11)
  4 gnolls
  18 adders
  4 shadow imps
  3 white imps (Gauntlet)
  An ooze (D:7)
  An adder zombie (D:6)
  4 worms
  A dart slug (D:1)
  4 leopard geckos
  99 orcs
  A ball python (D:1)
  9 giant cockroaches
  25 goblins
  14 hobgoblins
  7 jackals
  7 quokkas
  8 bats
  9 frilled lizards
  9 kobolds
  A leopard gecko skeleton (D:4)
  A quokka zombie (D:4)
  8 rats
  4 briar patches (Swamp:1)
  3 crawling corpses
  3 fungi
  2 plants (Lair:6)
2315 creatures vanquished.

Vanquished Creatures (others)
  A draconian shifter (Zot:3)
  A very ugly thing (Swamp:4)
  3 stone giants
  A merfolk impaler (Depths:5)
  5 yaktaur captains
  A spriggan berserker (Depths:3)
  2 deep elf knights
  2 deep elf magi
  4 yaktaurs (Vaults:5)
  A rime drake (Lair:6)
  A hornet (Depths:3)
  An air elemental (Elf:3)
  A shadow (Swamp:2)
  3 water elementals (Depths:5)
  4 humans (Swamp:4)
  A spriggan (Depths:3)
  2 ogres
  A centaur (Depths:2)
  An orc wizard (D:4)
  25 plants
61 creatures vanquished.

Grand Total: 2376 creatures vanquished

Notes
Turn   | Place    | Note
-------+----------+-------------------------------------------
     0 | D:1      | vurker the Deep Dwarf Fighter began the quest for the Orb.
     0 | D:1      | Reached XP level 1. HP: 20/20 MP: 1/1
   257 | D:1      | Reached XP level 2. HP: 27/27 MP: 2/2
   893 | D:1      | Reached XP level 3. HP: 31/34 MP: 3/3
  1024 | D:2      | Found a stormy altar of Qazlal.
  1388 | D:2      | Found a snail-covered altar of Cheibriados.
  1455 | D:2      | Found a basalt altar of Yredelemnul.
  1599 | D:2      | Reached XP level 4. HP: 26/42 MP: 4/4
  1899 | D:3      | Reached XP level 5. HP: 18/49 MP: 5/5
  1999 | D:3      | Found a white marble altar of Elyvilon.
  2070 | D:3      | Reached skill level 5 in Axes
  2444 | D:3      | Reached XP level 6. HP: 45/57 MP: 6/6
  2798 | D:4      | Found a shimmering altar of Xom.
  2800 | D:4      | Found a hazy altar of Hepliaklqana.
  2800 | D:4      | Found an ornate altar of the Wu Jian Council.
  2802 | D:4      | Found a bloodstained altar of Trog.
  2802 | D:4      | Found a bloodstained altar of Trog.
  2802 | D:4      | Found a sparkling altar of Nemelex Xobeh.
  2908 | D:4      | Reached skill level 5 in Armour
  2935 | D:4      | Reached XP level 7. HP: 51/64 MP: 6/6
  3389 | D:5      | Entered Level 5 of the Dungeon
  3434 | D:5      | Got a heavily runed cloak
  3440 | D:5      | Identified the cursed -2 cloak of Recklessness {Int+5} (You
                  | found it on level 5 of the Dungeon)
  3494 | D:5      | Found a stormy altar of Qazlal.
  3572 | D:5      | Found a glowing drain.
  3596 | Sewer    | Entered a sewer
  3769 | D:5      | Reached skill level 5 in Fighting
  3840 | D:5      | Found an opulent altar of Gozag.
  3896 | D:5      | Found a radiant altar of Vehumet.
  3907 | D:5      | Reached XP level 8. HP: 29/74 MP: 6/6
  4004 | D:5      | Found a shattered altar of Ashenzari.
  4336 | D:6      | Found a blossoming altar of Fedhas.
  4336 | D:6      | Found a hazy altar of Hepliaklqana.
  4646 | D:6      | Identified the Collected Works on Summoning and Attacks
  4650 | D:6      | Found a blossoming altar of Fedhas.
  4661 | D:6      | Noticed Eustachio
  4712 | D:6      | Killed Eustachio
  4712 | D:6      | Reached skill level 10 in Axes
  4764 | D:6      | Found a deep blue altar of Sif Muna.
  4807 | D:6      | Found a staircase to the Ecumenical Temple.
  4816 | Temple   | Entered the Ecumenical Temple
  5069 | D:7      | Gained mutation: You passively map the area around you.
                  | [Deep Dwarf growth]
  5069 | D:7      | Reached XP level 9. HP: 56/85 MP: 4/4
  5188 | D:7      | Found a burning altar of Makhleb.
  5196 | D:7      | Became a worshipper of Makhleb the Destroyer
  5333 | D:7      | Found a blossoming altar of Fedhas.
  5901 | D:8      | Noticed Psyche
  5925 | D:8      | Killed Psyche
  6194 | D:8      | Noticed an elephant
  6221 | D:8      | Killed an elephant
  6221 | D:8      | Reached * piety under Makhleb
  6221 | D:8      | Reached XP level 10. HP: 49/96 MP: 5/5
  6228 | D:8      | Found a staircase to the Lair.
  6364 | D:8      | Noticed Maurice
  6400 | D:8      | Killed Maurice
  6508 | D:8      | Got an ichor-stained long sword
  6560 | D:8      | Got a brightly glowing plate armour
  6571 | D:8      | Identified the +3 plate armour "Mokhlotz" {Str+3 Stlth+}
                  | (You found it on level 8 of the Dungeon)
  6657 | D:8      | Found Tust's Antique Armour Boutique.
  6660 | D:8      | Bought an ancient helmet for 228 gold pieces
  6665 | D:8      | Identified the +0 helmet of the Ban {rF+} (You bought it in
                  | a shop on level 8 of the Dungeon)
  6764 | D:9      | Noticed Erica
  6790 | D:9      | Killed Erica
  6790 | D:9      | Reached skill level 1 in Evocations
  7014 | D:9      | Noticed Grum
  7058 | D:9      | Killed Grum
  7212 | D:9      | Noticed Prince Ribbit
  7330 | D:9      | Killed Prince Ribbit
  7467 | D:10     | Entered Level 10 of the Dungeon
  7866 | D:10     | Reached ** piety under Makhleb
  7994 | D:10     | Found a runed translucent door.
  8037 | D:10     | Noticed Ijustatesigmund's ghost (journeyman OpAr)
  8037 | D:10     | Noticed an ogre mage
  8153 | D:10     | Killed an unseen horror
  8153 | D:10     | Reached XP level 11. HP: 89/104 MP: 8/8
  8157 | D:10     | Found a staircase to the Orcish Mines.
  8187 | D:10     | Reached skill level 5 in Invocations
  8226 | D:11     | Noticed Snorg
  8233 | D:11     | Noticed a two-headed ogre
  8244 | D:11     | Killed Snorg
  8244 | D:11     | Reached skill level 5 in Evocations
  8261 | D:11     | Killed a two-headed ogre
  8281 | D:11     | Found Eluihahu's Distillery.
  8373 | D:11     | Noticed a brown ugly thing
  8389 | D:11     | Killed a brown ugly thing
  8479 | D:11     | Noticed Harold
  8492 | D:11     | Killed Harold
  8528 | D:11     | Noticed Fannar
  8559 | D:11     | Killed Fannar
  8592 | D:11     | Reached *** piety under Makhleb
  8930 | Lair:1   | Entered Level 1 of the Lair of Beasts
  8930 | Lair:1   | Noticed a four-headed hydra
  8949 | Lair:1   | Killed a 16-headed hydra
  9130 | Lair:1   | Reached skill level 15 in Axes
  9673 | Lair:2   | Reached XP level 12. HP: 91/116 MP: 9/9
  9679 | Lair:2   | Found a hole to the Spider Nest.
  9827 | Lair:2   | Noticed a five-headed hydra
  9854 | Lair:2   | Killed a 19-headed hydra
  9854 | Lair:2   | Reached skill level 10 in Fighting
  9875 | Lair:2   | Noticed a death yak
  9877 | Lair:2   | Noticed a death yak
  9895 | Lair:2   | Killed a death yak
  9908 | Lair:2   | Killed a death yak
 10147 | Lair:2   | Noticed a seven-headed hydra
 10160 | Lair:2   | Killed a 12-headed hydra
 10160 | Lair:2   | Reached skill level 5 in Shields
 11190 | Lair:3   | You fall into a shaft and drop 1 floor!
 11272 | Lair:3   | Reached **** piety under Makhleb
 11481 | Lair:4   | Identified a scroll of acquirement
 11502 | Lair:4   | Reached XP level 13. HP: 111/123 MP: 9/9
 11961 | Lair:4   | Found a staircase to the Swamp.
 12991 | Lair:6   | Entered Level 6 of the Lair of Beasts
 13049 | Lair:6   | Reached ***** piety under Makhleb
 13186 | Lair:6   | Found a gate leading to a gauntlet.
 13196 | Gauntlet | Entered a Gauntlet
 13196 | Gauntlet | Found a transporter.
 13201 | Gauntlet | Found a transporter.
 13202 | Gauntlet | Found a transporter.
 13217 | Gauntlet | Found a transporter.
 13219 | Gauntlet | Found a transporter.
 13229 | Gauntlet | Found a transporter.
 13245 | Gauntlet | Found a transporter.
 13255 | Gauntlet | Found a transporter.
 13255 | Gauntlet | Noticed an entropy weaver
 13266 | Gauntlet | Found a transporter.
 13283 | Gauntlet | Found a transporter.
 13289 | Gauntlet | Found a transporter.
 13291 | Gauntlet | Found a transporter.
 13349 | Gauntlet | Found a transporter.
 13368 | Gauntlet | Found a transporter.
 13466 | Gauntlet | Gained mutation: Your body sometimes deteriorates upon
                  | taking damage. [a neqoxec]
 13549 | Gauntlet | Identified the Guide on Warped Protection
 13566 | Gauntlet | Identified the cursed +2 long sword "Eviscerator" {slice,
                  | rPois Str+2}
 13566 | Gauntlet | Noticed a minotaur
 13576 | Gauntlet | Killed a minotaur
 13740 | Lair:6   | Gained mutation: You resist negative energy. (rN+) [Deep
                  | Dwarf growth]
 13740 | Lair:6   | Reached XP level 14. HP: 123/133 MP: 12/12
 13803 | Lair:6   | Reached skill level 10 in Shields
 13826 | Lair:6   | Noticed Nessos
 13876 | Lair:6   | Killed Nessos
 14141 | Lair:6   | Found a viscous altar of Jiyva.
 14142 | Lair:6   | Found a staircase to the Slime Pits.
 14701 | D:12     | Reached ****** piety under Makhleb
 14715 | D:12     | Found a flagged portal.
 14728 | Bailey   | Entered a bailey
 14773 | Bailey   | Found an iron altar of Okawaru.
 14789 | Bailey   | Reached skill level 10 in Invocations
 15397 | D:12     | Reached skill level 10 in Armour
 15689 | D:12     | Noticed Sonja
 15701 | D:12     | Killed Sonja
 15855 | D:13     | Noticed Jorgrun
 15873 | D:13     | Killed Jorgrun
 16298 | D:13     | Noticed Frances
 16320 | D:13     | Killed Frances
 16657 | D:14     | Reached XP level 15. HP: 142/142 MP: 13/13
 16788 | D:14     | Reached skill level 10 in Evocations
 17084 | D:14     | Found a gate to the Vaults.
 17254 | D:14     | Found the +8 orange crystal plate armour {Archmagi, Int+3
                  | Clar}
 17277 | D:14     | Identified the Handbook of Earthen Contamination
 17458 | D:15     | Entered Level 15 of the Dungeon
 17970 | D:15     | Found a staircase to the Depths.
 18005 | D:15     | Noticed Azrael
 18026 | D:15     | Killed Azrael
 18451 | Orc:1    | Entered Level 1 of the Orcish Mines
 18455 | Orc:1    | Noticed Nergalle
 18472 | Orc:1    | Killed Nergalle
 18871 | Orc:2    | Entered Level 2 of the Orcish Mines
 18871 | Orc:2    | Found a staircase to the Elven Halls.
 18917 | Orc:2    | Reached XP level 16. HP: 154/154 MP: 14/14
 19355 | Orc:2    | Reached skill level 15 in Shields
 19638 | Orc:2    | Found Taceff's Assorted Antiques.
 19638 | Orc:2    | Found Vittemu's Jewellery Shoppe.
 19640 | Orc:2    | Found Doown's Book Emporium.
 19642 | Orc:2    | Found Lupow's Antique Armour Shop.
 20018 | Swamp:1  | Entered Level 1 of the Swamp
 20036 | Swamp:1  | Noticed a thorn hunter
 20059 | Swamp:1  | Killed a thorn hunter
 21048 | Orc:2    | Bought a pair of embroidered boots for 225 gold pieces
 21058 | Orc:2    | Identified a +1 pair of boots of running (You bought it in
                  | a shop on level 2 of the Orcish Mines)
 22444 | Swamp:4  | Entered Level 4 of the Swamp
 22444 | Swamp:4  | Noticed Roxanne
 22444 | Swamp:4  | Identified the +6 large shield "Bijeisi" {rElec rPois
                  | Str+4}
 22444 | Swamp:4  | Noticed Louise
 22496 | Swamp:3  | Killed Louise
 22547 | Swamp:4  | Noticed a thorn hunter
 22562 | Swamp:4  | Killed a thorn hunter
 22733 | Swamp:4  | Noticed a thorn hunter
 22752 | Swamp:4  | Killed Roxanne
 22752 | Swamp:4  | Noticed Kirke
 22755 | Swamp:4  | Killed a thorn hunter
 22755 | Swamp:4  | Reached XP level 17. HP: 166/166 MP: 12/14
 22766 | Swamp:4  | Killed Kirke
 22901 | Swamp:4  | Noticed the 27-headed Lernaean hydra
 22945 | Swamp:4  | Noticed Donald
 22954 | Swamp:4  | Killed Donald
 23123 | Swamp:4  | Killed the 26-headed Lernaean hydra
 23444 | Swamp:4  | Got a decaying rune of Zot
 23638 | Spider:1 | Entered Level 1 of the Spider Nest
 24741 | Spider:2 | You fall into a shaft and drop 1 floor!
 24763 | Spider:3 | Identified the Disquisition on the Helpful Compass
 24809 | Spider:3 | Noticed Mara
 24817 | Spider:3 | Noticed vurker's illusion
 24833 | Spider:3 | Killed Mara
 25227 | Spider:4 | Entered Level 4 of the Spider Nest
 25854 | Spider:4 | Gained mutation: You passively map a large area around you.
                  | [Deep Dwarf growth]
 25854 | Spider:4 | Reached XP level 18. HP: 177/177 MP: 9/9
 25928 | Spider:4 | Reached skill level 15 in Fighting
 26850 | Spider:4 | Got a gossamer rune of Zot
 27215 | Vaults:1 | Entered Level 1 of the Vaults
 28001 | Vaults:1 | Noticed Frederick
 28009 | Vaults:1 | Identified the +3 shield of Lonostes {rElec Str-4 Stlth+}
 28009 | Vaults:1 | Noticed Asterion
 28014 | Vaults:1 | Killed Frederick
 28028 | Vaults:1 | Gained mutation: Your body often deteriorates upon taking
                  | damage. [a cacodemon]
 28044 | Vaults:1 | Killed Asterion
 28044 | Vaults:1 | Reached XP level 19. HP: 127/188 MP: 10/10
 28512 | Vaults:2 | Found a ruined gateway.
 28515 | Vaults:2 | Noticed Jory
 28532 | Vaults:2 | Killed Jory
 28541 | Vaults:2 | Noticed Saint Roka
 28551 | Vaults:2 | Killed Saint Roka
 28853 | Vaults:2 | Found Buoroh's Food Boutique.
 28959 | Vaults:2 | Found a staircase to the Crypt.
 29201 | Vaults:2 | Noticed a lich
 29215 | Vaults:2 | Killed a lich
 29391 | Vaults:2 | Found a runed translucent gate.
 29391 | Vaults:2 | Noticed Syvvoagh's ghost (adept DENe)
 29392 | Vaults:2 | Found a runed translucent gate.
 29392 | Vaults:2 | Found a runed translucent gate.
 29392 | Vaults:2 | Noticed Faedia's ghost (adept GnWn)
 29392 | Vaults:2 | Noticed Eneuly's ghost (legendary MfIE)
 29392 | Vaults:2 | Noticed Waros's ghost (veteran GrEE)
 29721 | Vaults:3 | Found a glowing silver altar of Zin.
 30063 | Vaults:3 | Reached skill level 15 in Armour
 30263 | Vaults:3 | Reached XP level 20. HP: 199/199 MP: 11/11
 30649 | Vaults:3 | You fall into a shaft and drop 1 floor!
 31596 | Vaults:4 | Noticed Mennas
 31746 | Vaults:4 | Killed Mennas
 32401 | Vaults:4 | Reached XP level 21. HP: 208/208 MP: 12/12
 32969 | Elf:1    | Entered Level 1 of the Elven Halls
 34187 | Elf:2    | Found Araeh's Magic Scroll Shoppe.
 34611 | Elf:2    | Got a smoking cloak
 34613 | Elf:2    | Got a crude chain mail
 34615 | Elf:2    | Identified the Handbook of Evil Envenoming
 34627 | Elf:2    | Identified the +0 cloak of Midnight {rN+ Int-2 Dex+4} (You
                  | found it on level 2 of the Elven Halls)
 34752 | Elf:2    | Found a huge runed translucent gate.
 34752 | Elf:2    | Found a huge runed translucent gate.
 34752 | Elf:2    | Found a huge runed translucent gate.
 34754 | Elf:2    | Found a huge runed translucent gate.
 34758 | Elf:2    | Found a huge runed translucent gate.
 35472 | Elf:3    | Entered Level 3 of the Elven Halls
 35700 | Elf:3    | Found Wikae's Book Shoppe.
 35773 | Elf:3    | Found Rabocyclegg's Armour Shop.
 36013 | Elf:3    | Gained mutation: You are clumsy. (Dex -2) [a cacodemon]
 36071 | Elf:3    | Reached XP level 22. HP: 216/219 MP: 7/14
 36154 | Elf:3    | Identified the +3 leather armour "Kaanaruh" {Str+7 Dex+2}
 36495 | Elf:3    | Got an ebony fustibalus
 36533 | Elf:3    | Got a thick robe
 36545 | Elf:3    | Identified Macilutui's Grimoire of Nocuous Orientation
 37092 | Depths:1 | Entered Level 1 of the Depths
 37323 | Depths:1 | Reached skill level 15 in Evocations
 37335 | Depths:1 | Found a gateway to Hell.
 37731 | Depths:1 | Found a one-way gate leading to the halls of Pandemonium.
 37989 | Depths:2 | Noticed Bai Suzhen
 37998 | Depths:2 | Noticed Aizul
 38026 | Depths:2 | Killed Bai Suzhen
 38052 | Depths:2 | Killed Aizul
 38094 | Depths:2 | Found Fetaut's Food Emporium.
 38623 | Depths:3 | Found a gateway to a ziggurat.
 38991 | Depths:3 | Reached XP level 23. HP: 230/230 MP: 14/14
 39351 | Depths:3 | Reached skill level 15 in Invocations
 39363 | Depths:3 | You fall into a shaft and drop 2 floors!
 39363 | Depths:5 | Entered Level 5 of the Depths
 39385 | Depths:5 | Found Himnis's Gadget Shoppe.
 39406 | Depths:5 | Noticed a juggernaut
 39416 | Depths:5 | Killed a juggernaut
 39585 | Depths:5 | Noticed a juggernaut
 39602 | Depths:5 | Killed a juggernaut
 39787 | Depths:5 | Identified the +2 faerie dragon scales {rN+ MR++ rCorr
                  | Str+2}
 39787 | Depths:5 | Noticed the Enchantress
 39814 | Depths:5 | Killed the Enchantress
 39886 | Depths:5 | Found a gate to the Realm of Zot.
 40749 | Depths:4 | Found a one-way gate to the infinite horrors of the Abyss.
 41084 | Depths:4 | Got a wavering amber ring
 41099 | Depths:4 | Identified the ring "Jassas" {+Fly rF+ rC+ MR+ Dex-3
                  | Stlth+} (You found it on level 4 of the Depths)
 41103 | Depths:4 | Got a faintly glowing quarterstaff
 41246 | Depths:4 | You fall into a shaft and drop 1 floor!
 41515 | Depths:3 | Reached XP level 24. HP: 241/241 MP: 14/14
 41920 | Vaults:5 | Entered Level 5 of the Vaults
 42049 | Vaults:5 | Noticed an ancient lich
 42073 | Vaults:5 | Killed an ancient lich
 42116 | Vaults:5 | Got a slimy golden ring
 42120 | Vaults:5 | Identified the ring "Xemiupue" {rElec rPois rF+++ Int-2
                  | SInv} (You found it on level 5 of the Vaults)
 42193 | Vaults:5 | Identified the ring "Ecwumamu" {AC+2 Str+5}
 42749 | Vaults:5 | Found the +10 morningstar "Eos" {elec, Halo rElec}
 42775 | Vaults:5 | Identified Doimitwau's Handbook of the Arsonist
 42974 | Vaults:5 | Reached XP level 25. HP: 254/254 MP: 14/14
 43192 | Vaults:5 | Got a silver rune of Zot
 44495 | Zot:1    | Entered Level 1 of the Realm of Zot
 44793 | Zot:1    | Got a heavily runed bone ring
 44794 | Zot:1    | Identified the ring of Jimetim {rPois rN+ Dex-4 Stlth+}
                  | (You found it on level 1 of the Realm of Zot)
 44871 | Zot:1    | Got an ebony hunting sling
 45776 | Zot:2    | Got a fine scale mail
 45861 | Zot:2    | Got a sparkling lead ring
 45862 | Zot:2    | Identified the ring of Opausaod {MR++ Str+4 Stlth-} (You
                  | found it on level 2 of the Realm of Zot)
 46238 | Zot:3    | Reached XP level 26. HP: 272/273 MP: 14/14
 46498 | Zot:3    | Found a transporter.
 46514 | Zot:3    | Found a transporter.
 46616 | Zot:3    | Got a steaming plate armour
 46620 | Zot:3    | Identified the cursed +0 plate armour of the Equinox {rC-
                  | MR+ Int+5} (You found it on level 3 of the Realm of Zot)
 47292 | Zot:5    | Entered Level 5 of the Realm of Zot
 47808 | Zot:5    | Noticed an orb of fire
 47814 | Zot:5    | Gained mutation: Scrolls take you a little longer to read.
                  | [an orb of fire]
 47821 | Zot:5    | Gained mutation: You are occasionally teleported next to
                  | monsters. [an orb of fire]
 47828 | Zot:5    | Noticed a juggernaut
 47828 | Zot:5    | a Killer Klown changed into a juggernaut
 47829 | Zot:5    | Gained mutation: Armour fits poorly on your strangely
                  | shaped body. [an orb of fire]
 47830 | Zot:5    | Noticed an orb of fire
 47837 | Zot:5    | Gained mutation: You are frail. (-10% HP) [an orb of fire]
 47839 | Zot:5    | Lost mutation: Scrolls take you a little longer to read.
                  | [potion of mutation]
 47839 | Zot:5    | Lost mutation: Your body often deteriorates upon taking
                  | damage. [potion of mutation]
 47839 | Zot:5    | Lost mutation: Your body sometimes deteriorates upon taking
                  | damage. [potion of mutation]
 47839 | Zot:5    | Gained mutation: Your magical capacity is low. (-10% MP)
                  | [potion of mutation]
 47839 | Zot:5    | Gained mutation: You expend magic power (3 MP) to
                  | strengthen your wands. [potion of mutation]
 47840 | Zot:5    | Lost mutation: Your magical capacity is low. (-10% MP)
                  | [potion of mutation]
 47840 | Zot:5    | Lost mutation: You expend magic power (3 MP) to strengthen
                  | your wands. [potion of mutation]
 47840 | Zot:5    | Gained mutation: You are resistant to hostile enchantments.
                  | (MR+) [potion of mutation]
 47840 | Zot:5    | Lost mutation: You are clumsy. (Dex -2) [potion of
                  | mutation]
 47840 | Zot:5    | Gained mutation: You are partially covered in icy blue
                  | scales. (AC +2) [potion of mutation]
 47841 | Zot:5    | Lost mutation: You are occasionally teleported next to
                  | monsters. [potion of mutation]
 47841 | Zot:5    | Lost mutation: Armour fits poorly on your strangely shaped
                  | body. [potion of mutation]
 47841 | Zot:5    | Lost mutation: You are partially covered in icy blue
                  | scales. (AC +2) [potion of mutation]
 47841 | Zot:5    | Lost mutation: You are resistant to hostile enchantments.
                  | (MR+) [potion of mutation]
 47841 | Zot:5    | Gained mutation: You are partially covered in iridescent
                  | scales. (AC +2) [potion of mutation]
 47841 | Zot:5    | Gained mutation: You have an increased reservoir of magic.
                  | (+10% MP) [potion of mutation]
 47850 | Zot:5    | Noticed an orb of fire
 47872 | Zot:5    | Gained mutation: You expend magic power (3 MP) to
                  | strengthen your wands. [an orb of fire]
 47893 | Zot:5    | Killed an orb of fire
 47899 | Zot:5    | Gained mutation: Armour fits poorly on your strangely
                  | shaped body. [an orb of fire]
 47913 | Zot:5    | Killed an orb of fire
 47913 | Zot:5    | Reached XP level 27. HP: 259/259 MP: 15/15
 47916 | Zot:5    | Gained mutation: You tend to lose your temper in combat.
                  | [an orb of fire]
 47919 | Zot:5    | Gained mutation: You occasionally shout uncontrollably at
                  | your foes. [an orb of fire]
 47931 | Zot:5    | Gained mutation: You are weak. (Str -2) [an orb of fire]
 47937 | Zot:5    | Gained mutation: You are clumsy. (Dex -2) [an orb of fire]
 47940 | Zot:5    | Gained mutation: You are very clumsy. (Dex -4) [an orb of
                  | fire]
 47944 | Zot:5    | Killed an orb of fire
 47957 | Zot:5    | Killed a juggernaut
 48135 | Zot:5    | Noticed an orb of fire
 48154 | Zot:5    | Killed an orb of fire
 48157 | Zot:5    | Noticed an orb of fire
 48157 | Zot:5    | Noticed an orb of fire
 48177 | Zot:5    | Gained mutation: You are very frail. (-20% HP) [an orb of
                  | fire]
 48178 | Zot:5    | Gained mutation: Your mind is acute. (Int +2) [an orb of
                  | fire]
 48179 | Zot:5    | Killed an orb of fire
 48185 | Zot:5    | Killed an orb of fire
 48194 | Zot:5    | Noticed an orb of fire
 48233 | Zot:5    | Noticed an orb of fire
 48250 | Zot:5    | Killed an orb of fire
 48253 | Zot:5    | Gained mutation: Your spells are a little easier to cast,
                  | but a little less powerful. [an orb of fire]
 48257 | Zot:5    | Gained mutation: Your spells are easier to cast, but less
                  | powerful. [an orb of fire]
 48273 | Zot:5    | Gained mutation: You are very weak. (Str -4) [an orb of
                  | fire]
 48274 | Zot:5    | Killed an orb of fire
 48338 | Zot:5    | Noticed an ancient lich
 48342 | Zot:5    | Mangled by an Orb Guardian

Levels and vault maps discovered:
D:1:      matt_arrival_grand_opening, layout_basic, corexii_corridor_pit
D:2:      layout_loops_corners, cheibriados_altar_1, overflow_temple_1_default,
          yredelemnul_altar_generic
D:3:      layout_basic, elyvilon_altar_5, first_ration
D:4:      layout_loops_ring, doesnt_xom_only_xom
D:5:      layout_rooms, evilmike_ruin_ashenzari, grunt_gozag_breadcrumbs,
          vehumet_crystals, basic_altar, gup_sewer_entry_glass
D:6:      layout_rooms, amethyst_overflow_temple_binary, lemuel_round_altar,
          minmay_temple_entry_poolview, grunt_decor_one_mirror, corner_web_ring,
          fedhas_ov_isle_minmay, uniq_eustachio
D:7:      layout_loops_ring, bloody_makhleb, basic_altar
D:8:      layout_basic, david_lair_generic, serial_shops, kennysheep_mini,
          uniq_maurice, uniq_psyche
D:9:      layout_long_grid, uniq_erica, uniq_prince_ribbit1, uniq_grum
D:10:     layout_big_octagon, orc_0_dummy, ebering_ghost_inner_flame,
          hangedman_stone_soup
D:11:     layout_gridville, serial_shops, nicolae_shop_waterfront, uniq_snorg,
          uniq_harold, uniq_fannar
D:12:     layout_cave_pods, enter_bailey_3, uniq_sonja
D:13:     minmay_cornered_nines, layout_long_grid, lightli_minifort,
          uniq_frances, uniq_jorgrun
D:14:     layout_loops_cross, lightli_vaults_fourway_checkpoint, minmay_radiant
D:15:     gammafunk_enter_depths_forms, layout_basic, minmay_misc_feat_plants,
          hive_lemuel, uniq_azrael
Temple:   jpeg_temple_alley_garden
Lair:1:   layout_concentric_octagons, infiniplex_staircase_pool
Lair:2:   layout_gridlike, spider_nest_entry_a, chequers_serial_rivers_small_3,
          small_statue_intersection, hangedman_lair_generics_rect,
          lemuel_fruit_tree, serial_bayou_shore_a
Lair:3:   layout_roguey, minmay_lair_oklob_chamber
Lair:4:   layout_regular_city, palyth_hydra_swamp_entry,
          infiniplex_staircase_pool_2
Lair:5:   layout_cave_shapes, special_room [special_room_bee],
          serial_bayou_shore_b
Lair:6:   minmay_lair_end_frog_pond, layout_gridlike,
          dpeg_slime_entry_enclosed_altar, gauntlet_entry_generic,
          lemuel_old_faithful, uniq_nessos
Swamp:1:  layout_falls_marsh, evilmike_swamp_ruin_house_3, swamp_pool5
Swamp:2:  layout_falls_marsh, evilmike_swamp_ruin_house_6, swamp_pool1
Swamp:3:  layout_basic_swamp, evilmike_swamp_ruin_house_4
Swamp:4:  swamp_old_school, layout_basic_swamp, uniq_roxanne, uniq_kirke,
          uniq_louise, uniq_donald
Spider:1: layout_chambers
Spider:2: layout_spider_delve
Spider:3: layout_spider_delve, uniq_mara
Spider:4: spider_rune_water, minmay_another_anthill
Orc:1:    nicolae_orc_accident_3, layout_caves, uniq_nergalle
Orc:2:    st_orc_rangers, layout_caves
Elf:1:    layout_onion_city, hangedman_elf_represent, nrook_loot_triangle
Elf:2:    layout_loops_ring, serial_shops, nicolae_shop_trees,
          minmay_the_grid_square_5x5_3x3_mashed
          [minmay_the_grid_square_5x5_moneybag,
          minmay_the_grid_square_5x5_doubleslash,
          minmay_the_grid_square_5x5_tetrominoes,
          minmay_the_grid_square_5x5_almost_minimal,
          minmay_the_grid_square_5x5_megaprize_open,
          minmay_the_grid_square_5x5_two, minmay_the_grid_square_5x5_spiral,
          minmay_the_grid_square_5x5_hourglass,
          minmay_the_grid_square_5x5_three]
Elf:3:    minmay_elf_hall_curves, layout_geoelf_castle, serial_shops, shop,
          nicolae_shop_statue_plus, lemuel_flamethrower_2
Vaults:1: vaults_room_large_hall, vaults_dpeg_doors, v_misc_29,
          hangedman_vaults_nodes, v_misc_19, serial_ice_m,
          nicolae_vaults_what_the_h, ontoclasm_vaults_ring_small,
          nicolae_vaults_twisting_passages, sword_in_stone,
          ontoclasm_vaults_pinch, vaults_room_stairs_pillars,
          layout_vaults_big_cross
Vaults:2: gammafunk_vaults_ghost_cemetery, nicolae_vaults_network_quinsquares
          [nicolae_vaults_network_quincunx_subvault,
          nicolae_vaults_network_quincunx_subvault,
          nicolae_vaults_network_quincunx_subvault,
          nicolae_vaults_network_quincunx_subvault], v_rooms_2,
          vaults_mumra_chevron_long, v_misc_27, nicolae_vaults_circle_grid_a,
          nicolae_vaults_angled_halls, layout_vaults_omnigrid, serial_shops,
          shop, portal_desolation_entry_salt, uniq_saint_roka, uniq_jory
Vaults:3: nicolae_vaults_quadrants, grunt_vaults_bifocal, vaults_dpeg_spiral,
          nicolae_vaults_network_barrier, nicolae_vaults_big_ls,
          nicolae_vaults_little_squares_2, v_pattern_2,
          nicolae_vaults_little_squares_2, dpeg_vaults_monster_box,
          vaults_room_stairs_pillars, vaults_room_semicircle,
          nicolae_vaults_asterisk, layout_vaults_ring, basic_altar
Vaults:4: nicolae_vaults_octagons, v_misc_19, v_misc_2,
          grunt_vaults_hallway_short, nicolae_vaults_circle_grid_a,
          ontoclasm_vaults_ring_square, nicolae_vaults_border_crossing,
          vaults_standard_mumra_x, vaults_room_pools, v_rooms_4,
          ontoclasm_vaults_loading_screen, v_misc_1,
          ontoclasm_vaults_loading_screen, nicolae_vaults_three_branches,
          layout_vaults_chaotic_city, uniq_mennas
Vaults:5: serial_shops
Depths:1: layout_gridville, pf_hell_entry_tar_river, serial_sigils,
          serial_sigils_hangedman_etch, serial_sigils_hangedman_shear,
          serial_sigils_hangedman_scar, serial_sigils_hangedman_snap, pan_entry,
          minmay_misc_feat_square, hangedman_decor_riveting,
          serial_bayou_ford_a, hex_medium, minmay_hedge_maze,
          kennysheep_generic_room_7
Depths:2: cheibrodos_leafed_vault, layout_basic, hell_entry, serial_shops, shop,
          shop, pan_entry, minmay_strange_pillars, infiniplex_staircase_star,
          uniq_bai_suzhen, uniq_aizul
Depths:3: hangedman_elemental_death_ray, layout_honeycomb, enter_ziggurat_a,
          grunt_hell_entry_dis_mu, serial_sigils_hangedman_gnaw,
          rand_demon_pan_entry_7, infiniplex_staircase_pillars_3a
Depths:4: minmay_ambush_box, layout_gridlike,
          nicolae_abyss_entry_one_way_or_another, pan_entry, hell_entry
Depths:5: evilmike_zot_entry_round, layout_gridlike, grunt_decor_resistance,
          hell_entry, serial_shops, shop, lemuel_freeze_loot_1, uniq_enchantress
Zot:1:    layout_basic, st_large_dragon_hoard_4
Zot:2:    layout_misc_corridors, amethyst_zot_foddershock
Zot:3:    gammafunk_sealed_arena, layout_misc_corridors
Zot:4:    kennysheep_room_grid, layout_onion
Zot:5:    layout_onion

Skill      XL: |  1  2  3  4  5  6  7  8  9 10 11 12 13 14 15 16 17 18 19 20 21 22 23 24 25 26 27 |
---------------+----------------------------------------------------------------------------------+-----
Axes           | 3 4 5 6 8 10 12 13 15 16 17 18 | 18.0
Fighting       | 3 4 5 6 7 8 9 10 11 12 14 15 16 17 18 19 20 23 24 25 | 25.7
Armour         | 4 5 8 9 10 11 12 13 15 16 17 18 19 20 21 23 | 23.7
Invocations    | 4 7 9 10 12 13 14 16 17 | 17.0
Evocations     | 4 5 6 8 9 10 12 13 14 15 16 | 16.5
Shields        | 7 9 11 14 15 16 18 19 21 22 23 24 25 | 25.0

Action                   |  1- 3 |  4- 6 |  7- 9 | 10-12 | 13-15 | 16-18 | 19-21 | 22-24 | 25-27 || total
-------------------------+-------+-------+-------+-------+-------+-------+-------+-------+-------++-------
Melee: War axe           |   137 |   276 |   499 |   772 |       |       |       |       |       ||  1684
       Broad axe         |       |       |       |     5 |  1167 |  1502 |  1696 |  1405 |  1185 ||  6960
Invok: Lesser Servant of |       |       |       |     1 |       |       |       |       |       ||     1
       Greater Servant o |       |       |       |       |       |     1 |       |       |     1 ||     2
       Major Destruction |       |       |       |       |       |     1 |       |       |       ||     1
 Abil: Heal Wounds       |       |     5 |    13 |    15 |       |    31 |     1 |     9 |    11 ||    85
Evoke: Wand              |       |       |       |     9 |    12 |    15 |     2 |     2 |    11 ||    51
  Use: Scroll            |       |       |    13 |     9 |    10 |    15 |     4 |     5 |    14 ||    70
       Potion            |       |       |       |     2 |     1 |     7 |       |     1 |     6 ||    17
 Stab: Paralysed         |       |       |       |    43 |    12 |       |       |       |       ||    55
       Distracted        |       |       |       |       |       |       |     1 |       |       ||     1
       Confused          |       |       |       |       |       |       |       |     1 |       ||     1
  Eat: Chunk             |     2 |     5 |     4 |    10 |    21 |    17 |    23 |    15 |    13 ||   110
       Ration            |       |       |     3 |     2 |     2 |     4 |     1 |     2 |     3 ||    17
Armor: Scale mail        |     6 |       |       |       |       |       |       |       |       ||     6
       Chain mail        |    54 |       |       |       |       |       |       |       |       ||    54
       Plate armour      |    13 |   204 |   387 |   333 |   450 |       |       |       |       ||  1387
       Skin              |       |       |       |    42 |       |       |       |       |       ||    42
       Crystal plate arm |       |       |       |       |   112 |  1410 |   417 |   430 |   630 ||  2999
Dodge: Dodged            |    21 |    52 |    82 |   121 |   242 |   377 |   119 |   126 |   220 ||  1360
Block: Shield            |    77 |   141 |   230 |   319 |   667 |   699 |       |       |       ||  2133
       Large shield      |       |       |       |       |       |   967 |  1638 |  1527 |  1571 ||  5703
       Reflection        |       |       |       |       |       |       |       |   125 |    15 ||   140

Table legend:
 A = Non-vault XP
 B = Vault XP
 C = Vault XP percentage of total XP
 D = Non-vault monster count
 E = Vault monster count
 F = Vault count percentage of total count
                 A         B        C        D         E       F
            +---------+---------+-------+---------+---------+-------
      Total |  832847 |  782945 |  48.5 |    1518 |     808 |  34.7
            +---------+---------+-------+---------+---------+-------
        D:1 |      41 |       0 |   0.0 |      25 |       0 |   0.0
        D:2 |      61 |       0 |   0.0 |      17 |       0 |   0.0
        D:3 |     284 |       0 |   0.0 |      39 |       0 |   0.0
        D:4 |     463 |       0 |   0.0 |      20 |       0 |   0.0
        D:5 |     865 |      30 |   3.4 |      21 |       4 |  16.0
        D:6 |     512 |     214 |  29.5 |      15 |       1 |   6.2
        D:7 |    1002 |       0 |   0.0 |      17 |       0 |   0.0
        D:8 |     742 |    1925 |  72.2 |      13 |       6 |  31.6
        D:9 |     497 |    1878 |  79.1 |       6 |       7 |  53.8
       D:10 |    2684 |     513 |  16.0 |      33 |       4 |  10.8
       D:11 |    2623 |    3140 |  54.5 |      22 |       3 |  12.0
       D:12 |    6016 |     802 |  11.8 |      35 |       5 |  12.5
       D:13 |    7175 |    7124 |  49.8 |      30 |       9 |  23.1
       D:14 |   12206 |   10106 |  45.3 |      34 |      16 |  32.0
       D:15 |   18566 |    5952 |  24.3 |      53 |      17 |  24.3
     Lair:1 |    3931 |       0 |   0.0 |      14 |       0 |   0.0
     Lair:2 |    6898 |    4606 |  40.0 |      19 |       9 |  32.1
     Lair:3 |    3264 |     564 |  14.7 |      14 |       2 |  12.5
     Lair:4 |    4286 |    3013 |  41.3 |      13 |       7 |  35.0
     Lair:5 |    3515 |    1917 |  35.3 |      17 |      16 |  48.5
     Lair:6 |   12982 |   12123 |  48.3 |      33 |      46 |  58.2
    Swamp:1 |   13596 |       0 |   0.0 |      35 |       0 |   0.0
    Swamp:2 |   16446 |       0 |   0.0 |      47 |       0 |   0.0
    Swamp:3 |   13487 |    1610 |  10.7 |      42 |       1 |   2.3
    Swamp:4 |   11575 |   19021 |  62.2 |      18 |      26 |  59.1
   Spider:1 |   17479 |       0 |   0.0 |      48 |       0 |   0.0
   Spider:2 |   10228 |       0 |   0.0 |      23 |       0 |   0.0
   Spider:3 |   11880 |    7710 |  39.4 |      27 |       1 |   3.6
   Spider:4 |   19908 |   27046 |  57.6 |      46 |      62 |  57.4
      Orc:1 |    2006 |    1663 |  45.3 |      19 |       7 |  26.9
      Orc:2 |    2958 |    5745 |  66.0 |      31 |      41 |  56.9
      Elf:1 |   12962 |    6090 |  32.0 |      21 |       8 |  27.6
      Elf:2 |   26599 |   31246 |  54.0 |      40 |      42 |  51.2
      Elf:3 |   23894 |   45263 |  65.4 |      37 |      32 |  46.4
   Vaults:1 |   22300 |   31396 |  58.5 |      45 |      36 |  44.4
   Vaults:2 |   33928 |   20668 |  37.9 |      51 |      27 |  34.6
   Vaults:3 |   27503 |   38174 |  58.1 |      52 |      35 |  40.2
   Vaults:4 |   47849 |   55952 |  53.9 |      75 |      59 |  44.0
   Vaults:5 |   25377 |  136380 |  84.3 |      31 |      86 |  73.5
   Depths:1 |   38982 |    4217 |   9.8 |      45 |       7 |  13.5
   Depths:2 |   15712 |    6727 |  30.0 |      19 |       2 |   9.5
   Depths:3 |   36110 |   10542 |  22.6 |      45 |      18 |  28.6
   Depths:4 |   45951 |   19811 |  30.1 |      56 |       9 |  13.8
   Depths:5 |   39125 |   29336 |  42.9 |      29 |      23 |  44.2
      Zot:1 |   43820 |   35092 |  44.5 |      31 |      22 |  41.5
      Zot:2 |   33192 |   11126 |  25.1 |      21 |       4 |  16.0
      Zot:3 |   75836 |       0 |   0.0 |      44 |       0 |   0.0
      Zot:4 |   43270 |   24422 |  36.1 |      30 |      12 |  28.6
      Zot:5 |   32261 |  153118 |  82.6 |      20 |      35 |  63.6
      Sewer |       0 |     115 | 100.0 |       0 |       6 | 100.0
     Bailey |       0 |    3129 | 100.0 |       0 |      41 | 100.0
   Gauntlet |       0 |    3439 | 100.0 |       0 |      14 | 100.0
            +---------+---------+-------+---------+---------+-------
